 Dungeon Crawl Stone Soup version 0.29-a0-721-g7f417c9bbb (webtiles) character file.

Game seed: 2822309869930333860

2094 ptdevnull the Geomancer (level 8, -12/57 HPs)
             Began as a Demigod Earth Elementalist on June 28, 2022.
             Mangled by Duvessa
             ... wielding a +0 rapier
              (22 damage)
             ... on level 6 of the Dungeon.
             The game lasted 00:21:46 (6288 turns).

ptdevnull the Geomancer (DgEE)                      Turns: 6288, Time: 00:21:47

Health: -12/57     AC:  5    Str:  9    XL:     8   Next: 79%
Magic:  5/19       EV: 12    Int: 25    God:
Gold:   216        SH:  0    Dex: 22    Spells: 2/17 levels left

rFire   . . .      SeeInvis +   b - +4 dagger of Gravity {flame, *Rage *Noise Will++ Dex+8}
rCold   . . .      Faith    .   (no shield)
rNeg    . . .      Spirit   .   G - +1 leather armour {rPois}
rPois   +          Reflect  .   (no helmet)
rElec   .          Harm     .   (no cloak)
rCorr   .          Rampage  .   (no gloves)
Will    ++...      Rage     20% n - +0 pair of boots
Stlth   ++........              c - amulet of magic regeneration
HPRegen 0.19/turn               y - ring of see invisible
MPRegen 0.56/turn               (no ring)

@: very slightly contaminated
A: high MP 1, forlorn, divine attributes
a: no special abilities


You were on level 6 of the Dungeon.
You visited 1 branch of the dungeon, and saw 6 of its levels.

You collected 216 gold pieces.

Inventory:

Hand Weapons
 b - the +4 dagger of Gravity (weapon) {flame, *Rage *Noise Will++ Dex+8}
   (You found it on level 6 of the Dungeon)

   It burns those it strikes, dealing additional fire damage.
   Dex:       It affects your dexterity (+8).
   *Noise:    It may make noises in combat.
   *Rage:     It berserks you when you make melee attacks (+20% chance).
   Will:      It greatly increases your willpower.
 e - a +0 dagger
 f - a +0 sling of freezing
 x - a +2 sling of flaming
 J - a +4 vorpal scimitar
 K - a +0 long sword
Armour
 j - a +0 robe
 n - a +0 pair of boots (worn)
 B - a +3 ring mail of fire resistance
 E - +1 swamp dragon scales
 G - a +1 leather armour of poison resistance (worn)
Magical Staves
 a - a staff of earth
 u - a staff of conjuration
Jewellery
 c - an amulet of magic regeneration (around neck)
 q - an amulet of regeneration
 y - a ring of see invisible (left hand)
Scrolls
 i - a scroll of blinking
 k - 3 scrolls of amnesia
 o - a scroll of magic mapping {unknown}
 p - 2 scrolls of immolation
 w - 4 scrolls of poison
 I - a scroll of fear {unknown}
Potions
 d - 5 potions of curing
 g - a potion of berserk rage
 h - 3 potions of haste
 l - 3 potions of brilliance {unknown}
 r - a potion of flight {unknown}
 s - 2 potions of attraction {unknown}
 t - a potion of lignification {unknown}
 v - 2 potions of mutation
 z - 2 potions of might {unknown}
 C - a potion of heal wounds {unknown}
 D - 2 potions of resistance {unknown}
 F - a potion of ambrosia {unknown}
 H - 2 potions of magic


   Skills:
 - Level 1.7 Dodging
 - Level 1.7 Stealth
 + Level 5.3 Spellcasting
 + Level 4.3 Conjurations
 + Level 3.3 Transmutations
 - Level 8.0 Earth Magic


You had 2 spell levels left.
You knew the following spells:

 Your Spells              Type           Power      Damage    Failure   Level
a - Sandblast             Erth           92%        2d19      1%          1
b - Passwall              Tmut/Erth      29%        N/A       1%          2
c - Stone Arrow           Conj/Erth      74%        3d11      2%          3
d - Lee's Rapid Deconstr  Erth           23%        3d14*     12%         5
e - Petrify               Tmut/Erth      35%        N/A       11%         4

Your spell library contained the following spells:

 Spells                   Type           Power      Damage    Failure   Level
 Ensorcelled Hibernation  Hex/Ice        12%        N/A       17%         2
 Spider Form              Tmut/Pois      15%        N/A       17%         3
 Ignite Poison            Fire/Tmut/Pois 12%        N/A       22%         3
 Leda's Liquefaction      Hex/Erth       13%        N/A       22%         4
 Call Canine Familiar     Summ           6%         N/A       32%         3
 Portal Projectile        Hex/Tloc       12%        N/A       32%         3
 Tukima's Dance           Hex            6%         N/A       32%         3
 Blade Hands              Tmut           11%        N/A       61%         5
 Anguish                  Hex/Necr       3%         N/A       73%         4
 Statue Form              Tmut/Erth      23%        N/A       86%         6
 Ignition                 Fire           3%         3d4       100%        8
 Chain Lightning          Conj/Air       8%         3d11      100%        9


Dungeon Overview and Level Annotations

Branches:
Dungeon (6/15)             Temple (0/1) D:6

Annotations:
D:6 Duvessa


Innate Abilities, Weirdness & Mutations

You have an increased reservoir of magic. (+10% MP)
You shall have no god before yourself.
Your divine heritage dramatically boosts your attributes as you level up.


Message History

You kill Dowan!
Duvessa weeps, and shakes her weapon.
Duvessa goes berserk!
Duvessa misses you. Duvessa hits you with a +0 rapier!
Unknown command.
You feel agile.
The +4 dagger of Gravity {flame, *Rage *Noise Will++ Dex+8} bursts into flame!
b - the +4 dagger of Gravity (weapon)
{flame, *Rage *Noise Will++ Dex+8} Duvessa hits you with a +0 rapier!
You barely miss Duvessa.
Duvessa is heavily wounded.
Duvessa barely misses you.
You hit Duvessa. You burn Duvessa.
Duvessa is heavily wounded.
Duvessa hits you with a +0 rapier! Duvessa hits you with a +0 rapier!!
* * * LOW HITPOINT WARNING * * *
Unknown command.
Blink to where?
Press: ? - help, Dir - move target
As you read the scroll of blinking, it crumbles to dust.
Aiming: Iceblast
Press: ? - help, Shift-Dir - straight line, f - Duvessa
Aim: Duvessa, wielding a +0 rapier and wearing a +0 ring mail (translocational energy, heavily wounded, berserk)
The mass of ice explodes!
The iceblast engulfs Duvessa!
Duvessa is severely wounded.
Unknown command.
Aiming: Iceblast
Press: ? - help, Shift-Dir - straight line, f/p - Duvessa
Aim: Duvessa, wielding a +0 rapier and wearing a +0 ring mail (severely wounded, berserk)
The mass of ice explodes!
The iceblast engulfs Duvessa!
Duvessa is almost dead.
The now-empty wand crumbles to dust.
Casting: Lee's Rapid Deconstruction (quite dangerous; 12% risk of failure)
Confirm with . or Enter, or press ? or * to list all spells.
Aiming: Passwall (safe; 1% risk of failure)
Press: ? - help, Dir - move target, p - Duvessa A rock wall.
Duvessa hits you but does no damage.
You begin to meditate on the wall.
You continue meditating on the rock.
Duvessa hits you with a +0 rapier!!
You die...

##.(.....##.#.........#
##.......##..........##
###
########..#..........#
..# # ##.#..........# #.#
# #............... #.# #
#....########### #.#
#....# #####.#
#....##########...#.#
##..###.@.........#.##
#..# #e########.....###
#..# #.# #⌠8⌠#.......#
#..# #.# +...#.....#.#
##.# #.# #e..#.....#.#
#.###.# +.e.#...###.#
###>....# ...#.......#
#......)#####'##.#.##..#
##.###..................#


You could see Duvessa (berserk).

Vanquished Creatures
  Maggie (D:6)
  Prince Ribbit (D:5)
  A wyvern (D:6)
  Menkaure (D:5)
  Edmund (D:6)
  An ice beast (D:5)
  A bullfrog (D:6)
  A scorpion (D:6)
  8 wights (D:6)
  Dowan (D:6)
  A howler monkey (D:4)
  4 hounds
  An orc priest (D:6)
  3 orc wizards
  3 iguanas
  A mummy (D:5)
  8 adders
  2 river rats (D:5)
  A worm (D:2)
  2 dart slugs
  19 orcs
  7 endoplasms
  11 giant cockroaches
  7 goblins
  7 hobgoblins
  6 kobolds
  4 quokkas
  11 ball pythons
  4 bats
  3 frilled lizards
  2 hobgoblin zombies (D:5)
  A kobold zombie (D:5)
  An orc zombie (D:5)
  7 rats
133 creatures vanquished.

Notes
Turn   | Place    | Note
-------+----------+-------------------------------------------
     0 | D:1      | ptdevnull the Demigod Earth Elementalist began the quest
                  | for the Orb.
     0 | D:1      | Reached XP level 1. HP: 14/14 MP: 5/5
    58 | D:1      | Reached skill level 1 in Transmutations
   241 | D:1      | Reached skill level 3 in Earth Magic
   335 | D:1      | Reached XP level 2. HP: 20/20 MP: 5/7
   747 | D:1      | Learned a level 2 spell: Passwall
  1397 | D:2      | Reached XP level 3. HP: 26/26 MP: 3/8
  1441 | D:2      | Learned a level 3 spell: Stone Arrow
  2158 | D:2      | Reached XP level 4. HP: 33/33 MP: 8/10
  2744 | D:3      | Reached skill level 4 in Earth Magic
  3188 | D:3      | Reached skill level 1 in Conjurations
  3188 | D:3      | Reached XP level 5. HP: 38/38 MP: 4/11
  3475 | D:4      | Noticed a green death
  3753 | D:5      | Entered Level 5 of the Dungeon
  3753 | D:5      | Noticed Menkaure
  3753 | D:5      | Noticed Prince Ribbit
  4393 | D:5      | Reached XP level 6. HP: 44/45 MP: 13/13
  4694 | D:5      | Got the Handbook of the Cloudy Arsonist
  4734 | D:5      | Reached skill level 5 in Earth Magic
  5068 | D:5      | Killed Prince Ribbit
  5069 | D:5      | Reached XP level 7. HP: 44/50 MP: 3/15
  5117 | D:5      | Killed Menkaure
  5118 | D:5      | Reached skill level 6 in Earth Magic
  5133 | D:5      | Learned a level 5 spell: Lee's Rapid Deconstruction
  5161 | D:6      | Noticed Maggie
  5242 | D:6      | Killed Maggie
  5308 | D:6      | Noticed a wyvern
  5564 | D:6      | Reached XP level 8. HP: 57/57 MP: 17/17
  5594 | D:6      | Reached skill level 7 in Earth Magic
  5761 | D:6      | Noticed Edmund
  5777 | D:6      | Killed Edmund
  5788 | D:6      | Identified the +4 dagger of Gravity {flame, *Rage *Noise
                  | Will++ Dex+8}
  5852 | D:6      | Learned a level 4 spell: Petrify
  5880 | D:6      | Found a staircase to the Ecumenical Temple.
  5894 | D:6      | Reached skill level 5 in Spellcasting
  5894 | D:6      | Reached skill level 8 in Earth Magic
  6268 | D:6      | Noticed Duvessa
  6268 | D:6      | Noticed Dowan
  6280 | D:6      | Killed Dowan
  6288 | D:6      | Mangled by Duvessa

Illustrated notes

Levels and vault maps discovered:
D:1:      dpeg_arrival_rhombi, layout_loops_corners
D:2:      layout_basic, hellmonk_ecumenical_altar_arch_garden, minmay_vboxes
D:3:      layout_basic, mainiacjoe_overflow_surrounded_room, lemuel_old_faithful
D:4:      layout_rooms, makhleb_altar_promises_db, lemuel_round_altar
D:5:      layout_rooms, elyvilon_altar_1, portal_sewer_entry_e,
          minmay_mini_ossuary, uniq_menkaure, uniq_prince_ribbit1
D:6:      dreamdust_elfheim, layout_basic, nemelex_diamond_rough_becter,
          minmay_temple_entry_glassed_door, uniq_maggie, uniq_edmund,
          uniq_duvessa

Skill      XL: |  1  2  3  4  5  6  7  8 |
---------------+-------------------------+-----
Transmutations | 1 2 3 |  3.3
Earth Magic    | 3 4 5 6 8 |  8.0
Spellcasting   | 2 3 4 5 |  5.3
Conjurations   | 1 2 3 4 |  4.3
Dodging        | |  1.7
Stealth        | |  1.7

Action                   |  1- 3 |  4- 6 |  7- 9 || total
-------------------------+-------+-------+-------++-------
Melee: Dagger            |    16 |       |     2 ||    18
       Staff             |       |    16 |    15 ||    31
       Punch             |       |       |     1 ||     1
 Fire: Sling             |       |    78 |       ||    78
 Cast: Sandblast         |    60 |    43 |    32 ||   135
       Stone Arrow       |     1 |    11 |    11 ||    23
       Passwall          |       |     1 |     1 ||     2
       Lee's Rapid Decon |       |       |     5 ||     5
Evoke: Wand              |       |       |     2 ||     2
  Use: Scroll            |       |    14 |     4 ||    18
       Potion            |       |       |     1 ||     1
Armor: Robe              |    14 |    12 |       ||    26
       Ring mail         |       |    45 |     1 ||    46
       Swamp dragon scal |       |       |     6 ||     6
       Leather armour    |       |       |     2 ||     2
Dodge: Dodged            |    24 |    66 |    22 ||   112

Table legend: (Time is in decaauts)
 A = Elapsed time spent in this place.
 B = Non-inter-level travel time spent in this place.
 C = Inter-level travel time spent in this place.
 D = Time resting spent in this place.
 E = Time spent auto-exploring this place.
 F = Levels seen in this place.
 G = Mean time per level.
                   A        B        C        D        E       F      G
               +--------+--------+--------+--------+--------+-----+--------+
         Total |   6491 |   6144 |    347 |   1099 |   3780 |   6 | 1081.8 |
       Dungeon |   6491 |   6144 |    347 |   1099 |   3780 |   6 | 1081.8 |
               +--------+--------+--------+--------+--------+-----+--------+

Top non-repeatable levels by time:
     D:1: 1584 daAuts
     D:5: 1161 daAuts
     D:2: 1065 daAuts
     D:3: 1016 daAuts
     D:6: 969 daAuts
     D:4: 694 daAuts
